 Dungeon Crawl Stone Soup version 0.29.0-13-gc9e81de378 (webtiles) character file.

Game seed: 12514839458520934599

895 RascalDebosk the Cudgeller (level 7, 0/70 HPs)
             Began as a Troll Berserker on Sept 9, 2022.
             Was a Believer of Trog.
             Slain by Pikel
             ... wielding a +2 whip of flaming
              (3 damage)
             ... on level 5 of the Dungeon.
             The game lasted 00:13:16 (2862 turns).

RascalDebosk the Cudgeller (Troll Berserker)        Turns: 2862, Time: 00:13:17

Health: 0/70       AC:  5    Str: 26    XL:     7   Next: 78%
Magic:  6/6        EV: 10    Int:  5    God:    Trog [**....]
Gold:   200        SH:  0    Dex:  9    Spells: 6/6 levels left

rFire   . . .      SeeInvis .   p - +3 flail (holy)
rCold   . . .      Faith    .   (no shield)
rNeg    . . .      Spirit   .   i - +1 robe
rPois   .          Reflect  .   (helmet restricted)
rElec   .          Harm     .   (no cloak)
rCorr   .          Rampage  .   (gloves unavailable)
Will    ++...                   (boots unavailable)
Stlth   +.........              (no amulet)
HPRegen 2.01/turn               (no ring)
MPRegen 0.10/turn               (no ring)

@: strong-willed, on berserk cooldown, regenerating, slowed, very slow
A: large, unfitting armour, claws 3, regeneration 1, shaggy fur 1, tough skin 1
a: Renounce Religion, Berserk, Trog's Hand


You were on level 5 of the Dungeon.
You worshipped Trog.
Trog was pleased with you.
You visited 1 branch of the dungeon, and saw 5 of its levels.

You collected 200 gold pieces.

Inventory:

Hand Weapons
 a - a +0 mace
 p - a +3 flail of holy wrath (weapon)
Missiles
 h - 15 poisoned darts (quivered)
Armour
 i - a +1 robe (worn)
Wands
 j - a wand of roots (8)
 o - a wand of flame (1)
 r - a wand of light (12)
Scrolls
 b - 2 scrolls of magic mapping {unknown}
 c - a scroll of noise {unknown}
 e - 2 scrolls of identify
 f - a scroll of summoning {unknown}
Potions
 d - a potion of invisibility
 k - 2 potions of curing
 l - 2 potions of heal wounds
 m - 3 potions of flight
 n - a potion of mutation


   Skills:
 + Level 4.0 Fighting
 + Level 4.4 Maces & Flails
 + Level 3.3 Throwing
 + Level 4.1 Dodging
 + Level 2.7 Evocations


You had 6 spell levels left.
You didn't know any spells.
Your spell library was empty.

Dungeon Overview and Level Annotations

Branches:
Dungeon (5/15)             Temple (0/1) D:4

Altars:
Cheibriados
Makhleb
Xom
Yredelemnul
The Shining One

Shops:
D:1 :

Annotations:
D:5 Pikel


Innate Abilities, Weirdness & Mutations

You are too large for most types of armour.
You have claws for hands.
Your natural rate of healing is unusually fast.
You are covered in fur. (AC +1)
You have tough skin. (AC +1)


Message History

Pikel barely misses you.
You feel a strong urge to attack something.
The lemure hits you but does no damage. Pikel closely misses you.
You barely miss Pikel. You closely miss Pikel. The lemure hits you.
The lemure hits you but does no damage. Pikel completely misses you.
You hit Pikel.
Pikel is lightly wounded.
Pikel hits you with a +2 whip of flaming!
Pikel burns you. The lemure closely misses you. The lemure hits you.
You closely miss Pikel.
Pikel is lightly wounded.
You closely miss Pikel.
Pikel is lightly wounded.
The lemure closely misses you.
Pikel hits you with a +2 whip of flaming!
Pikel burns you. The lemure hits you but does no damage.
You closely miss Pikel.
Pikel is lightly wounded.
You are no longer berserk.
You are exhausted.
You feel yourself slow down.
Pikel hits you with a +2 whip of flaming!
* * * LOW HITPOINT WARNING * * *
Pikel burns you.
* * * LOW HITPOINT WARNING * * *
The lemure hits you.
* * * LOW HITPOINT WARNING * * *
The lemure hits you.
* * * LOW HITPOINT WARNING * * *
The lemure hits you but does no damage.
Your skin crawls.
You feel strong-willed.
The lemure shouts!
The lemure hits you.
* * * LOW HITPOINT WARNING * * *
Pikel hits you with a +2 whip of flaming!
* * * LOW HITPOINT WARNING * * *
Pikel burns you.
You die...

.....##................##.... .
.....#.............#####....##..
##.?...............# #5.......
##.................# .$.5.$.$.
........#.........## #........
..._....#.#......#######..5.....
._.........#.......#....5.......
..................###......#....
...♣.._...#....#@K####....## .
..........##...555#.#......#
._..._.##.###...†.5..5.....#
.......##.# #.##....#.......#
##........# ####.........#>.#
########## #....##......#
##.####....... ### ##.$....#
#..##.#


You could see Pikel and 4 lemures.

Vanquished Creatures
  Grinder (D:4)
  Edmund (D:4)
  2 ice beasts
  2 phantoms
  A scorpion (D:5)
  An orc priest (D:4)
  2 hounds
  An iguana (D:4)
  6 adders
  A worm (D:3)
  A dart slug (D:3)
  6 orcs
  3 hobgoblins
  2 quokkas
  4 ball pythons
  2 bats
  A frilled lizard (D:3)
  4 goblins
  8 kobolds
  5 rats
54 creatures vanquished.

Notes
Turn   | Place    | Note
-------+----------+-------------------------------------------
     0 | D:1      | RascalDebosk the Troll Berserker began the quest for the
                  | Orb.
     0 | D:1      | Reached XP level 1. HP: 22/22 MP: 0/0
   226 | D:1      | Found Jemmixu's Book Shoppe.
   242 | D:1      | Reached XP level 2. HP: 29/29 MP: 1/1
   453 | D:1      | Found a faded altar of an unknown god.
   674 | D:3      | Noticed an ice beast
   685 | D:3      | Killed an ice beast
   686 | D:3      | Reached skill level 1 in Throwing
   686 | D:3      | Reached skill level 1 in Evocations
   686 | D:3      | Reached XP level 3. HP: 31/36 MP: 2/2
   686 | D:3      | Reached XP level 4. HP: 38/44 MP: 3/3
   911 | D:3      | Reached XP level 5. HP: 48/53 MP: 4/4
   961 | D:3      | Reached ** piety under Trog
  1675 | D:4      | Noticed Edmund
  1690 | D:4      | Killed Edmund
  1691 | D:4      | Reached XP level 6. HP: 31/61 MP: 5/5
  1844 | D:4      | Found a staircase to the Ecumenical Temple.
  2217 | D:4      | Noticed Grinder
  2232 | D:4      | Paralysed by Grinder for 2 turns
  2236 | D:4      | Killed Grinder
  2237 | D:4      | Reached XP level 7. HP: 50/68 MP: 6/6
  2726 | D:5      | Entered Level 5 of the Dungeon
  2743 | D:5      | Found a burning altar of Makhleb.
  2804 | D:5      | Found a basalt altar of Yredelemnul.
  2807 | D:5      | Found a snail-covered altar of Cheibriados.
  2807 | D:5      | Found a glowing golden altar of the Shining One.
  2810 | D:5      | Found a shimmering altar of Xom.
  2837 | D:5      | Noticed Pikel
  2862 | D:5      | HP: 3/70 [Pikel/+2 whip of flaming (9)]
  2862 | D:5      | Slain by Pikel

Illustrated notes

Levels and vault maps discovered:
D:1:      arrival_zaba_pyramid, layout_rooms, serial_shops, nicolae_shop_stone,
          ebering_ecumenical_altar_hall
D:2:      layout_basic, minmay_hexomino_u4
D:3:      layout_loops_ring, nicolae_figureground_sparkle
D:4:      layout_basic, minmay_temple_entry_statues_pillars, minmay_box_of_dots,
          uniq_grinder, uniq_edmund
D:5:      layout_cave_pools, grunt_gozag_breadcrumbs,
          grunt_temple_overflow_open, serial_shops,
          nicolae_shop_competitors_out_of_business, uniq_menkaure, uniq_ijyb,
          uniq_blork_the_orc, uniq_pikel

Skill      XL: |  1  2  3  4  5  6  7 |
---------------+----------------------+-----
Maces & Flails | 3 4 |  4.4
Throwing       | 1 2 3 |  3.3
Evocations     | 1 2 |  2.7
Fighting       | 3 4 |  4.0
Dodging        | 3 4 |  4.1

Action                   |  1- 3 |  4- 6 |  7- 9 || total
-------------------------+-------+-------+-------++-------
Melee: Mace              |    54 |    59 |       ||   113
       Punch             |     2 |     1 |       ||     3
       Flail             |       |    39 |    34 ||    73
Throw: Dart              |       |     9 |       ||     9
Invok: Berserk           |       |     1 |     1 ||     2
       Trog's Hand       |       |       |     1 ||     1
  Use: Scroll            |       |    10 |     1 ||    11
Armor: Animal skin       |    11 |       |       ||    11
       Robe              |    11 |    24 |    15 ||    50
Dodge: Dodged            |    32 |    74 |    18 ||   124
